[Event "Late-Titled-Tuesday-Blitz-October-17-2023"]
[Site "Chess.com"]
[Date "2023.10.17"]
[Round "10"]
[White "K_A_S_T_O_R"]
[Black "Nor1lsk"]
[Result "1-0"]
[WhiteElo "2877"]
[BlackElo "2734"]
[TimeControl "180+1"]
[EndTime "15:51:31 PDT"]
[Termination "K_A_S_T_O_R won on time"]

1. e4 c5 2. Nf3 e6 3. d4 cxd4 4. Nxd4 Nf6 5. Nc3 Nc6 6. Ndb5 Bc5 7. Bf4 O-O 8. Bc7 Qe7 9. Bd6 Bxd6 10. Qxd6 Qd8 11. Qd2 d5 12. exd5 exd5 13. O-O-O Qa5 14.
f3 Bf5 15. Nd4 Bg6 16. h4 Rfc8 17. g4 Nb4 18. Kb1 Rxc3 19. Qxc3 Qxa2+ 20. Kc1 Qa5 21. Kd2 h5 22. g5 Nd7 23. Bb5 Ne5 24. Ra1 Qb6 25. Qxb4 a6 26. c3 Nxf3+ 27. Nxf3 Qf2+ 28. Be2 Re8 29. Rae1 Re4 30. Nd4 Qe3+ 31. Kd1 a5 32.
Qc5 Qf2 33. Rhf1 Qh2 34. Bf3 Rxd4+ 35. cxd4 Qxb2 36. Re2 1-0

[Event "Late-Titled-Tuesday-Blitz-October-17-2023"]
[Site "Chess.com"]
[Date "2023.10.17"]
[Round "10"]
[White "Schwindle"]
[Black "NotFischer"]
[Result "1-0"]
[WhiteElo "2384"]
[BlackElo "2249"]
[TimeControl "180+1"]
[EndTime "15:51:31 PDT"]
[Termination "Schwindle won on time"]

1. e4 c5 2. Nf3 d6 3. d4 cxd4 4. Nxd4 Nf6 5. Nc3 g6 6. Be3 Nc6 7. f3 h5 8. Qd2 Nxd4 9. Bxd4 Bh6 10. Be3 Bxe3 11. Qxe3 Be6 12. Bd3 Qa5 13. O-O Rc8 14.
Kh1 h4 15. a3 Nh5 16. Kg1 Qc5 17. Qxc5 Rxc5 18. f4 Nf6 19. Rae1 Kd8 20. Rd1 Kc8 21. Be2 h3 22. g3 Kb8 23. Bf3 Rhc8 24. Rfe1 Bg4 25. Bxg4 Nxg4 26. Rd5 Rxc3 27. bxc3 Rxc3 28.
Re2 Rxa3 29. Rd1 Ne3 30. Rde1 Ng2 31. Rd1 Kc7 32. e5 dxe5 33. fxe5 Ne3 34. Rde1 Ng2 35. Rc1 e6 36. Kf2 Rc3 37. Rd1 a5 38. Rd3 Rc5 39.
Re4 b5 40. Kf3 a4 41. Kg4 Kb6 42. Kxh3 1-0

[Event "Late-Titled-Tuesday-Blitz-October-17-2023"]
[Site "Chess.com"]
[Date "2023.10.17"]
[Round "10"]
[White "Polish_fighter3000"]
[Black "tptagain"]
[Result "1-0"]
[WhiteElo "3070"]
[BlackElo "2922"]
[TimeControl "180+1"]
[EndTime "15:51:35 PDT"]
[Termination "Polish_fighter3000 won on time"]

1. d4 d5 2. c4 e6 3. Nf3 c6 4. g3 dxc4 5. Bg2 b5 6. O-O Bb7 7. a4 a6 8. Ne5 Nf6 9. Nc3 Be7 10. axb5 axb5 11. Rxa8 Bxa8 12. Nxb5 cxb5 13. Bxa8 O-O 14. Bg2 Qc7 15. Bd2 Bd6 16. f4 Qb6 17. e3 Nd5 18. g4 Bxe5 19. fxe5 Nc6 20. Kh1 b4 21. Be4 Qb5 22. Qf3 Nce7 23. h4 c3 24. bxc3 bxc3 25.
Bc1 f6 26. h5 f5 27. Bc2 Qb8 28. Ba3 Rf7 29. e4 Nb4 30. Bb3 Kh8 31. Bxe6 Rf8 32.
Qxc3 fxe4 33. Rb1 e3 34. Qxb4 Qa8+ 35. d5 Re8 36. Qb3 e2 37. Re1 Nc6 38. dxc6 Qxc6+ 39. Kh2 1-0

[Event "Late-Titled-Tuesday-Blitz-October-17-2023"]
[Site "Chess.com"]
[Date "2023.10.17"]
[Round "10"]
[White "Fdpo95"]
[Black "johnmez"]
[Result "1-0"]
[WhiteElo "2482"]
[BlackElo "2322"]
[TimeControl "180+1"]
[EndTime "15:51:35 PDT"]
[Termination "Fdpo95 won on time"]

1. e4 e6 2. d4 d5 3. exd5 exd5 4. c4 Nf6 5. Nf3 Bb4+ 6. Bd2 Bxd2+ 7. Nbxd2 O-O 8.
Be2 Re8 9. O-O Nc6 10. Re1 Bg4 11. c5 Ne4 12. Bb5 Qf6 13. Bxc6 bxc6 14. h3 Bh5 15. g4 Bg6 16. Nxe4 Bxe4 17. Ne5 h5 18. gxh5 Rab8 19.
b3 Rbd8 20. Qg4 Re6 21. Re3 Rxe5 22. dxe5 Qxe5 23. Rae1 Qd4 24. f3 f5 25. Qh4 Rf8 26.
fxe4 f4 27. exd5 Qxc5 28. Qe7 Qb6 29. Qe6+ Kh8 30. h6 fxe3 31. hxg7+ Kxg7 32. Rxe3 cxd5 33. Qxb6 axb6 34. Re7+ Rf7 35. Re8 Rd7 36. Kf2 c5 37. Ke3 Kf6 38. Rb8 Rd6 39. a4 Kg5 40. Kd3 Kf4 41.
Rh8 Rg6 42. h4 Rg3+ 43. Kc2 d4 44. h5 Ke4 45. h6 Rg2+ 46. Kc1 d3 47. h7 1-0

[Event "Late-Titled-Tuesday-Blitz-October-17-2023"]
[Site "Chess.com"]
[Date "2023.10.17"]
[Round "10"]
[White "protectiago"]
[Black "dadice10"]
[Result "1-0"]
[WhiteElo "2091"]
[BlackElo "2194"]
[TimeControl "180+1"]
[EndTime "15:51:35 PDT"]
[Termination "protectiago won on time"]

1. d4 d5 2. c4 dxc4 3. Nf3 Nf6 4. g3 g6 5. Bg2 Bg7 6. O-O O-O 7. Nc3 a6 8. Ne5 Nbd7 9. Nxc4 Nb6 10. Nxb6 cxb6 11. e4 b5 12. a3 e6 13. Be3 Rb8 14. Rc1 Nd7 15. Qd2 Re8 16. Bh6 Bh8 17. Rfd1 e5 18.
dxe5 Bxe5 19. Bh3 Re7 20. Nd5 Re8 21. Ne3 Re7 22. Ng4 Bh8 23. Bf4 Ra8 24. Nh6+ Kg7 25. Qd4+ f6 26. Bd6 Re8 27. Ng4 h5 28. Ne3 Qa5 29. Rc7 Kh6 30. Bb4 Qxc7 31. Nd5 Qe5 32. Qd2+ Kh7 33. Bg2 Bg7 34. f4 Qe6 35. Nc7 Qf7 36.
Nxa8 Bh6 37. Nc7 f5 38. Nxe8 Qxe8 39. e5 1-0

[Event "Late-Titled-Tuesday-Blitz-October-17-2023"]
[Site "Chess.com"]
[Date "2023.10.17"]
[Round "10"]
[White "Kostukov_Alex"]
[Black "GlavkonVVS"]
[Result "1-0"]
[WhiteElo "2425"]
[BlackElo "2522"]
[TimeControl "180+1"]
[EndTime "15:51:37 PDT"]
[Termination "Kostukov_Alex won by resignation"]

1. e4 Nf6 2. e5 Nd5 3. c4 Nb6 4. d4 d6 5. f4 dxe5 6. fxe5 c5 7. d5 g6 8. Nc3 Bg7 9. Bf4 O-O 10. Be2 e6 11. Nf3 exd5 12. cxd5 Bg4 13. O-O N8d7 14. Re1 Bxf3 15. Bxf3 Nc4 16. e6 Bd4+ 17. Kh1 fxe6 18. Bh6 Qh4 19. Bxf8 Rxf8 20. dxe6 Nde5 21. Bd5 Kg7 22. Re4 Qf2 23. Bxc4 Nxc4 24. e7 Re8 25. Re2 Qf7 26. Qb3 b6 27. Rae1 Bf6 28. h3 Nd6 29. Nd5 c4 30. Qf3 Nf5 31. Re4 Bxb2 32. Nc7 Rxe7 33. Rxe7 Nxe7 34. Qe4 Nf5 35. Ne6+ Kg8 36. Ng5 Qd7 37. Qxc4+ Kg7 38. Ne6+ Kf6 39. Nf4 Be5 40. Nd5+ Kg5 41. Rxe5 Qd6 42. Qf4+ Kh5 43. Rxf5+ gxf5 44.
Qxd6 1-0

[Event "Late-Titled-Tuesday-Blitz-October-17-2023"]
[Site "Chess.com"]
[Date "2023.10.17"]
[Round "10"]
[White "YouShallNotPass001"]
[Black "Chesstrainer1"]
[Result "1-0"]
[WhiteElo "2417"]
[BlackElo "2483"]
[TimeControl "180+1"]
[EndTime "15:51:42 PDT"]
[Termination "YouShallNotPass001 won by resignation"]

1. Nf3 Nf6 2. e3 c5 3. Be2 d5 4. O-O Nc6 5. d4 Bg4 6. Nbd2 e6 7. h3 Bh5 8. a3 cxd4 9. exd4 Bd6 10. c4 O-O 11. c5 Bf4 12. b4 Qc7 13. Nb3 Ne4 14. Qd3 Bg6 15. Bxf4 Qxf4 16. Qe3 Ng3 17. Rfe1 Qxe3 18.
fxe3 a6 19. Na5 Nd8 20. Ne5 Rc8 21. Rac1 f6 22. Nd7 Rf7 23. Nb6 Rcc7 24. Kh2 Nf5 25. Bf1 Ne7 26. a4 Nec6 27. Nxc6 Nxc6 28. b5 axb5 29.
axb5 Nd8 30. Ra1 Rf8 31. Ra8 Bf7 32. Rea1 e5 33. Rb8 exd4 34. Raa8 Ne6 35. Rxf8+ Nxf8 36.
exd4 g6 37. Rc8 Rxc8 38. Nxc8 Ne6 39. c6 bxc6 40. b6 Nd8 41. Nd6 Kf8 42. b7 Nxb7 43.
Nxb7 Ke7 44. Nc5 g5 45. Kg3 h5 46. Kf2 h4 47. Ke3 f5 48. Bd3 Kf6 49. Ba6 Bg6 50. Bc8 f4+ 51. Kf2 Bh5 52. Bd7 g4 53. hxg4 Bg6 54. Kf3 Kg5 55. Bxc6 Be4+ 56. Nxe4+ dxe4+ 57. Bxe4 1-0

[Event "Late-Titled-Tuesday-Blitz-October-17-2023"]
[Site "Chess.com"]
[Date "2023.10.17"]
[Round "10"]
[White "familijatop71"]
[Black "PawnEatingZombie"]
[Result "0-1"]
[WhiteElo "2131"]
[BlackElo "2281"]
[TimeControl "180+1"]
[EndTime "15:51:43 PDT"]
[Termination "PawnEatingZombie won on time"]

1. e4 e6 2. d4 d5 3. Nc3 Be7 4.
Nf3 Nf6 5. Bd3 c5 6. e5 Nfd7 7. Ne2 b6 8. c3 a5 9. h4 Ba6 10. Bxa6 Nxa6 11. Qd3 Nab8 12. h5 h6 13. Be3 Nc6 14. a3 Qc8 15. Rc1 Qa6 16. Qd2 c4 17. g4 b5 18. g5 hxg5 19. Bxg5 b4 20. Bxe7 Nxe7 21. Qg5 Nf5 22. Ng3 Nxg3 23. fxg3 Rh7 24. Kf2 Qb6 25. Qd2 bxa3 26. bxa3 Rb8 27. Ng5 Rh8 28.
Rc2 Nxe5 29. Kg2 Nd3 30. Qe2 Qd6 31. Rf1 Rb7 32. g4 Nf4+ 33. Rxf4 Qxf4 34. Nh3 Qe4+ 35. Qxe4 dxe4 36. Ng5 Ke7 37. Nxe4 Rhb8 38. Kf3 Rb2 39. Rc1 Ra2 40. Re1 Rbb2 41. d5 Rxa3 42. dxe6 fxe6 43.
Kf4 Raa2 44. g5 Rh2 45. Nc5 Rae2 46. Rxe2 Rxe2 47. h6 gxh6 48. gxh6 Rh2 49. Kg5 Kd6 50. Na4 Ke5 51. Kg6 Ke4 52. h7 e5 53. Kg7 Kd3 54. h8=Q Rxh8 55. Kxh8 e4 56. Kg7 e3 0-1

[Event "Late-Titled-Tuesday-Blitz-October-17-2023"]
[Site "Chess.com"]
[Date "2023.10.17"]
[Round "10"]
[White "cassoulet"]
[Black "jcibarra"]
[Result "0-1"]
[WhiteElo "2783"]
[BlackElo "2907"]
[TimeControl "180+1"]
[EndTime "15:51:45 PDT"]
[Termination "jcibarra won by resignation"]

1. d4 Nf6 2. Bg5 d5 3. Bxf6 gxf6 4. e3 c5 5. Nf3 Nc6 6. Nbd2 e5 7. dxe5 fxe5 8. e4 d4 9. Bc4 Rg8 10. g3 Qf6 11. Qe2 Bh6 12. h3 Bd7 13. O-O-O O-O-O 14. Kb1 Kb8 15. g4 Bf4 16. Bd5 Nb4 17. Bb3 b5 18. a3 Na6 19. Bd5 Nc7 20. Nb3 Qd6 21. Bxf7 Rgf8 22.
Bh5 c4 23. Nbxd4 exd4 24. Rxd4 Qe7 25. e5 Bc6 26. Rxd8+ Rxd8 27. Re1 c3 28. e6 cxb2 29. Kxb2 Bh6 30. Bf7 Bg7+ 31. Ne5 Nxe6 32. Kb1 Bb7 33. Qxb5 Qd6 34. Bxe6 Qxe6 35. f4 Qd6 36. Ka2 Ka8 37.
c4 Qd2+ 38. Kb3 Qxe1 39. Qc5 Qb1+ 40. Ka4 Bxe5 41. fxe5 Rc8 42. Qd4 Bc6+ 43. Ka5 Qe1+ 44. Ka6 Bb7+ 45. Kb5 Qb1+ 46. Ka5 Qb6+ 47. Qxb6 axb6+ 48. Kb5 Rc5+ 49. Kxb6 Rxe5 50. c5 Kb8 51. a4 Re6+ 52.
Kb5 Kc7 53. g5 Re4 54. h4 Bc6+ 0-1

[Event "Late-Titled-Tuesday-Blitz-October-17-2023"]
[Site "Chess.com"]
[Date "2023.10.17"]
[Round "10"]
[White "lluiss"]
[Black "Cristi_Coca"]
[Result "1-0"]
[WhiteElo "2216"]
[BlackElo "2360"]
[TimeControl "180+1"]
[EndTime "15:51:46 PDT"]
[Termination "lluiss won by checkmate"]

1. Nf3 Nf6 2. d4 g6 3. g3 Bg7 4. Bg2 O-O 5. O-O d6 6. c4 c5 7. Nc3 Nc6 8. dxc5 dxc5 9. Be3 Be6 10. Qa4 Nd4 11. Rfd1 Ng4 12. Bf4 Qb6 13. Ng5 Qxb2 14. Nxe6 fxe6 15. Rac1 e5 16. Be3 Nxe3 17. fxe3 Nxe2+ 18.
Nxe2 Qxe2 19. Rf1 Qxe3+ 20. Kh1 e4 21. Qd7 Rxf1+ 22. Rxf1 Rf8 23. Qe6+ Kh8 24. Rxf8+ Bxf8 25. Bxe4 Kg7 26. Kg2 Qe2+ 27. Kh3 Kh6 28. Qe5 Bg7 29.
Qf4+ g5 30. Qf5 g4+ 31. Qxg4 Qxg4+ 32. Kxg4 b6 33. Kf5 Bd4 34. h4 Kg7 35. g4 h6 36.
g5 hxg5 37. hxg5 Be3 38. g6 Bd4 39. Ke6 a6 40. a4 b5 41. axb5 axb5 42. cxb5 c4 43.
Kd5 Bb6 44. Kxc4 Kf8 45. Kd5 Ke8 46. Kc6 Bg1 47. b6 Kd8 48. g7 Bd4 49. g8=Q# 1-0

[Event "Late-Titled-Tuesday-Blitz-October-17-2023"]
[Site "Chess.com"]
[Date "2023.10.17"]
[Round "10"]
[White "Msb2"]
[Black "frederiksvane"]
[Result "1-0"]
[WhiteElo "3078"]
[BlackElo "2886"]
[TimeControl "180+1"]
[EndTime "15:51:49 PDT"]
[Termination "Msb2 won by checkmate"]

1. d4 d5 2. c4 e6 3. Nc3 Nf6 4.
cxd5 exd5 5. Bg5 Be7 6. e3 O-O 7. Bd3 Re8 8. Nf3 h6 9. Bf4 c5 10. dxc5 Nc6 11. O-O Bxc5 12. Rc1 a6 13. h3 Ba7 14.
Ne2 Ne4 15. Nfd4 Bd7 16. Bxe4 dxe4 17. Nb3 Be6 18. Nc3 Nb4 19. Nd4 Bxd4 20. exd4 Nd3 21.
Be3 Nxc1 22. Qxc1 Rc8 23. Rd1 Bd5 24. Qd2 Qd7 25. Qe2 Rc6 26. Qh5 Rd8 27. Bf4 b5 28. a3 Rg6 29. Be3 a5 30. Ne2 Rf6 31. Nf4 b4 32. axb4 axb4 33. Rc1 Rc6 34. Ra1 b3 35.
Ra5 Bc4 36. d5 Rf6 37. Rc5 Rf5 38. Qg4 Bxd5 39. Nh5 g6 40. Ng3 h5 41. Qh4 Re5 42. Bf4 Re6 43. Rc7 Qe8 44. Nxh5 gxh5 45. Qxh5 Rd7 46. Qg4+ Kf8 47. Rc5 Bb7 48. Qh4 Kg8 49. Rh5 Rg6 50. Rh8+ Kg7 51. Rxe8 e3 52. Qh8# 1-0

[Event "Late-Titled-Tuesday-Blitz-October-17-2023"]
[Site "Chess.com"]
[Date "2023.10.17"]
[Round "10"]
[White "WPWPWP-2015"]
[Black "Eloist"]
[Result "0-1"]
[WhiteElo "2554"]
[BlackElo "2468"]
[TimeControl "180+1"]
[EndTime "15:51:49 PDT"]
[Termination "Eloist won by resignation"]

1. e4 e6 2. d4 d5 3. Nc3 Nf6 4. Bd3 c5 5. dxc5 dxe4 6. Nxe4 Nxe4 7. Bxe4 Qxd1+ 8. Kxd1 f5 9. Bd3 Bxc5 10. Ke2 Nc6 11.
c3 e5 12. Be3 Bxe3 13. fxe3 Ke7 14. e4 f4 15. Nf3 Bg4 16. h3 Bh5 17. Rad1 Rad8 18. Bb5 g5 19. Kf2 Kf6 20. Rhe1 Bf7 21. Bxc6 bxc6 22. b3 a5 23. g3 a4 24. c4 Be6 25.
Kg2 Rhg8 26. g4 h5 27. Nh2 Rh8 28. Kf3 hxg4+ 29. Nxg4+ Kg7 30. Rxd8 Rxd8 31. Nxe5 Bxh3 32. Nxc6 Rd3+ 33. Ke2 Rg3 34. b4 Rg2+ 35. Kd3 Rxa2 36. b5 f3 37. Nd4 f2 38. Rc1 f1=Q+ 39. Rxf1 Bxf1+ 40. Kc3 a3 41. b6 Rb2 42. Nb5 Bxc4 43. Kxc4 a2 44. b7 Rxb5 45. Kxb5 a1=Q 46. Kc6 Qc3+ 47.
Kd7 Qd4+ 48. Kc7 Qc4+ 49. Kd7 Qb5+ 50. Kc7 Qc5+ 51. Kd7 Qb6 52. Kc8 Qc6+ 53. Kd8 Qxb7 54. e5 g4 55. e6 Kf6 56. e7 Qxe7+ 0-1

[Event "Late-Titled-Tuesday-Blitz-October-17-2023"]
[Site "Chess.com"]
[Date "2023.10.17"]
[Round "10"]
[White "vladislavkovalev"]
[Black "BogdanDeac"]
[Result "0-1"]
[WhiteElo "2878"]
[BlackElo "2992"]
[TimeControl "180+1"]
[EndTime "15:51:52 PDT"]
[Termination "BogdanDeac won by resignation"]

1. e4 c6 2. Nf3 d5 3. d3 Nd7 4.
Nc3 Ngf6 5. e5 d4 6. exf6 dxc3 7. bxc3 Nxf6 8. Be2 g6 9. O-O Bg7 10. Bd2 Nd5 11.
c4 Nc3 12. Bxc3 Bxc3 13. Rb1 Qa5 14. d4 O-O 15. Qd3 e5 16. Rb3 exd4 17. Nxd4 Bb4 18.
Bf3 Bc5 19. c3 Qxa2 20. Rbb1 Qa5 21. h4 Qd8 22. h5 Qf6 23. Qe3 Rd8 24. Rfd1 Bf8 25. Re1 a5 26. h6 a4 27. g4 Ra5 28.
Kg2 Rg5 29. Rh1 Bxg4 30. Bxg4 Rxg4+ 31. Kf1 Rg5 32. Rxb7 Re5 33. Qg3 a3 34. Ra7 c5 35.
Nf3 Rd1+ 36. Kg2 Rxh1 37. Qxe5 Qxe5 38. Nxe5 Ra1 39. Nxf7 a2 40. Ng5 Bxh6 41. Ne6 Bd2 42.
Nxc5 Bxc3 43. Ne4 Bd4 44. Ra8+ Kg7 45. f3 Rg1+ 46. Kh2 a1=Q 47. Rxa1 Rxa1 0-1

[Event "Late-Titled-Tuesday-Blitz-October-17-2023"]
[Site "Chess.com"]
[Date "2023.10.17"]
[Round "10"]
[White "gmcorrales"]
[Black "Dhaydon19"]
[Result "0-1"]
[WhiteElo "2839"]
[BlackElo "2588"]
[TimeControl "180+1"]
[EndTime "15:51:52 PDT"]
[Termination "Dhaydon19 won by checkmate"]

1. e4 Nf6 2. e5 Nd5 3. d4 d6 4. c4 Nb6 5. exd6 cxd6 6. Nc3 g6 7. Be3 Bg7 8. b3 Nc6 9. Rc1 O-O 10. d5 Ne5 11.
Be2 f5 12. Nf3 Ng4 13. Bd4 Bd7 14. Bxg7 Kxg7 15. Qd4+ Nf6 16. O-O h6 17. Rfe1 Rf7 18. Bd3 Nc8 19. h3 Qb6 20. Qf4 Nh5 21. Qd2 a5 22. Bb1 Qc5 23. Nd4 Nb6 24. Re2 a4 25. Rce1 axb3 26. axb3 Re8 27. Ncb5 Kh7 28. Ne6 Bxe6 29.
Rxe6 Ng7 30. R6e2 Nd7 31. Nd4 Nf6 32. Kh1 Qc7 33. f3 Nfh5 34. Kh2 Rf6 35. f4 Kg8 36. g3 Qd7 37. b4 Rf7 38. c5 Rf6 39. c6 bxc6 40.
dxc6 Qc7 41. b5 e5 42. Nf3 e4 43. Nd4 d5 44. Ba2 g5 45. Bxd5+ Kh7 46. Rf1 gxf4 47. gxf4 Rd8 48. Nc2 Rfd6 49. Ne3 Nf6 50. b6 Qxb6 51.
Nc4 Qc7 52. Nxd6 Rxd6 53. Qb2 Nxd5 54. Rg2 Rxc6 55. Qb5 Nxf4 56. Rg3 Nfh5 57. Rg1 Rc2+ 58. Kh1 Nxg3+ 59. Rxg3 Qxg3 60. Qf1 Qh2# 0-1

[Event "Late-Titled-Tuesday-Blitz-October-17-2023"]
[Site "Chess.com"]
[Date "2023.10.17"]
[Round "10"]
[White "luizzy"]
[Black "imdvb6307"]
[Result "1-0"]
[WhiteElo "2573"]
[BlackElo "2487"]
[TimeControl "180+1"]
[EndTime "15:52:04 PDT"]
[Termination "luizzy won on time"]

1. b3 d5 2. Bb2 Nf6 3. e3 g6 4.
Bxf6 exf6 5. c4 dxc4 6. bxc4 c5 7. Nc3 Nc6 8. g3 Bg7 9. Nd5 f5 10. Rb1 b6 11. Bg2 Bd7 12. Ne2 O-O 13. O-O Rc8 14. Nef4 Be6 15. Qa4 Na5 16. Rfd1 Qd6 17. Rbc1 Rfd8 18.
d4 Bd7 19. Qa3 Re8 20. dxc5 Qxc5 21. Qxc5 Rxc5 22. Nxb6 axb6 23. Rxd7 Nxc4 24. Bd5 Ne5 25. Rxc5 Nxd7 26. Rc7 Rd8 27. Rb7 Bf8 28. Bc6 Ne5 29.
Rxb6 Rd6 30. a4 Rxc6 31. Rb5 Nd7 32. a5 Ra6 33. Nd5 Kg7 34. Kg2 Bd6 35. h4 Nf6 36. Nb6 Bc7 37. Nc4 Ne8 38. Rc5 Ra7 39. Kf3 Kf8 40.
Rd5 Ke7 41. h5 Nf6 42. Rc5 Nxh5 43. g4 fxg4+ 44. Kxg4 Nf6+ 45. Kf3 Nd7 46. Rb5 Nb8 47. e4 Nc6 48. Rc5 Nxa5 49. Ne3 Ke6 50. Nd5 Bd6 51. Rc8 1-0

[Event "Late-Titled-Tuesday-Blitz-October-17-2023"]
[Site "Chess.com"]
[Date "2023.10.17"]
[Round "10"]
[White "Hambardzumyan_Yuri"]
[Black "Deeper44"]
[Result "0-1"]
[WhiteElo "2474"]
[BlackElo "2610"]
[TimeControl "180+1"]
[EndTime "15:52:06 PDT"]
[Termination "Deeper44 won on time"]

1. e4 e6 2. d4 d5 3. Nc3 Nf6 4. e5 Nfd7 5. f4 c5 6. Nf3 Nc6 7. Be3 Be7 8. Qd2 O-O 9. Be2 a6 10. O-O Qc7 11. Nd1 b5 12. c3 b4 13. Bf2 a5 14. f5 exf5 15. Ne3 bxc3 16. bxc3 cxd4 17. Nxd5 Qd8 18. Nxe7+ Qxe7 19. cxd4 Bb7 20. Rab1 Rab8 21. Bg3 Nb4 22. Bc4 Be4 23. Rb2 Nb6 24. Be2 Rbc8 25.
a3 Na4 26. axb4 Nxb2 27. Qxb2 Rc2 28. Qb3 Rxe2 29. bxa5 Qa7 30. Bf2 Qxa5 31. Ng5 Bd5 32. Qg3 h6 33. Nh3 Ra2 34. Nf4 Ra1 35. Be1 Rxe1 36.
Rxe1 Be4 37. Nh5 g6 38. Nf6+ Kg7 39. h4 Rd8 40. Rd1 Rxd4 41. Rc1 Qb6 42. Kh2 Rd2 43. Nh5+ Kh7 44. Nf6+ Kg7 45. Nh5+ Kf8 46. Rc8+ Ke7 47. Qa3+ Kd7 48. Rc2 Rxc2 0-1

[Event "Late-Titled-Tuesday-Blitz-October-17-2023"]
[Site "Chess.com"]
[Date "2023.10.17"]
[Round "10"]
[White "HouseOfDurin"]
[Black "ChessSwole"]
[Result "1-0"]
[WhiteElo "2280"]
[BlackElo "2705"]
[TimeControl "180+1"]
[EndTime "15:52:07 PDT"]
[Termination "HouseOfDurin won by resignation"]

1. d4 g6 2. h4 Nf6 3. Bg5 Bg7 4.
Bxf6 Bxf6 5. h5 c5 6. c3 Qb6 7.
Qc2 cxd4 8. cxd4 Nc6 9. e3 d6 10. Nc3 Bf5 11. Bd3 Nb4 12. Qa4+ Bd7 13. Bb5 Bxb5 14. Qxb4 Bc6 15. Qxb6 axb6 16. f3 b5 17. Kd2 b4 18. Ne4 Bxe4 19. fxe4 O-O 20. a3 Ra5 21.
hxg6 hxg6 22. Kc2 Rfa8 23. Kb3 Rg5 24. Ne2 bxa3 25. Rxa3 Rxa3+ 26. bxa3 Rxg2 27. Nf4 Rg3 28. Nd5 Bg5 29. Kc4 e6 30. Nc3 Rxe3 31. Rb1 Bh4 32. Rxb7 Be1 33. Rb3 Bxc3 34. Rxc3 Rxe4 35. a4 e5 36. Rd3 exd4 37. Rxd4 Re1 38. Rxd6 Ra1 39. Kb5 g5 40. a5 Kg7 41. a6 f5 42. Rd4 g4 43. Ra4 Re1 44. a7 Re5+ 45. Kc4 Re4+ 46.
Kb3 Re8 47. a8=Q Rxa8 48. Rxa8 Kf6 49. Kc3 Ke5 50. Kd3 Kf4 51. Ke2 Kg3 52. Ra3+ Kg2 53. Ke3 Kh2 54. Kf4 Kg2 55. Kxf5 g3 56. Kg4 Kf2 57.
Rxg3 1-0

[Event "Late-Titled-Tuesday-Blitz-October-17-2023"]
[Site "Chess.com"]
[Date "2023.10.17"]
[Round "10"]
[White "TigrVShlyape"]
[Black "h4parah5"]
[Result "0-1"]
[WhiteElo "2812"]
[BlackElo "2937"]
[TimeControl "180+1"]
[EndTime "15:52:11 PDT"]
[Termination "h4parah5 won on time"]

1. e4 c5 2. Nf3 Nc6 3. d4 cxd4 4.
Nxd4 e6 5. Nb5 d6 6. c4 Nf6 7. N1c3 a6 8. Na3 Qa5 9. Bd2 Qe5 10. f4 Qd4 11. Nc2 Qb6 12. Be3 Qa5 13. Qd2 Be7 14.
Be2 O-O 15. O-O-O b5 16. Bf3 b4 17. Ne2 Qxa2 18. e5 Na5 19. Nxb4 Qxc4+ 20. Kb1 Ne4 21. Qd4 d5 22. Bxe4 dxe4 23. Qxc4 Nxc4 24. Nc6 Bh4 25. Bc5 Re8 26. g3 Bb7 27. Ned4 Bxc6 28. Nxc6 Rac8 29. Rd4 Nxb2 30. Kxb2 Rxc6 31. Bd6 Bd8 32. Rxe4 h5 33. Rc1 Rxc1 34. Kxc1 Bb6 35. Kd2 a5 36. Rc4 Ra8 37.
Rc6 Bg1 38. Ke2 Bxh2 39. Kf2 h4 40. gxh4 Bxf4 41. Kf3 Bh6 42. Rc4 a4 43. Ba3 Ra5 44. Ke4 Kh7 45. Rc7 Kg6 46. h5+ Kxh5 47. Rxf7 Ra6 48. Rd7 Kg6 49. Rd6 Rxd6 50. exd6 Kf7 51. d7 Bg5 52. Ke5 Be7 53. Bb4 g5 54. Ke4 Bd8 55. Ke5 Bc7+ 56. Ke4 g4 57. Bd6 Bd8 58.
Kf4 Kf6 0-1

[Event "Late-Titled-Tuesday-Blitz-October-17-2023"]
[Site "Chess.com"]
[Date "2023.10.17"]
[Round "10"]
[White "vugarrasulov"]
[Black "eljanov"]
[Result "1-0"]
[WhiteElo "2973"]
[BlackElo "2854"]
[TimeControl "180+1"]
[EndTime "15:52:14 PDT"]
[Termination "vugarrasulov won on time"]

1. Nf3 d5 2. c4 d4 3. g3 c5 4. Bg2 Nc6 5. O-O e5 6. d3 Nf6 7. e3 Be7 8. exd4 exd4 9. Bf4 O-O 10. Ne5 Nxe5 11. Bxe5 Bd6 12. Bxf6 Qxf6 13. Nd2 Qd8 14. a3 a5 15. Re1 Ra6 16. Bd5 a4 17. Rb1 Qc7 18. Ne4 Be7 19. b4 axb3 20. Rxb3 b6 21. Qh5 g6 22. Qh6 Bb7 23. Bxb7 Qxb7 24. Qf4 Qc6 25.
Qe5 Bd8 26. h4 Ra7 27. Reb1 Re7 28. Qd5 Re6 29. h5 Qxd5 30. cxd5 Re5 31. hxg6 hxg6 32. d6 Kg7 33. Nd2 Rfe8 34. Nc4 Rd5 35. a4 Re6 36.
Kg2 g5 37. Rb5 g4 38. a5 bxa5 39. Rb8 Bg5 40. Rh1 Rexd6 41. Nxd6 Rxd6 42. Ra8 c4 43. dxc4 d3 44. Rxa5 f6 45. Rd5 Rc6 46. Rxd3 Rxc4 47. Rd7+ Kg6 48. Rh8 Rb4 49. Rg8+ Kf5 50. Rd5+ Ke6 51.
Ra5 Rc4 52. Re8+ Kf7 53. Rb8 Kg6 54. Rba8 Rc2 55. Ra4 Be3 56. Rxg4+ Kf5 57. Kh3 Rxf2 58. Ra5+ 1-0

[Event "Late-Titled-Tuesday-Blitz-October-17-2023"]
[Site "Chess.com"]
[Date "2023.10.17"]
[Round "10"]
[White "Siemba"]
[Black "alexrustemov"]
[Result "0-1"]
[WhiteElo "2587"]
[BlackElo "2821"]
[TimeControl "180+1"]
[EndTime "15:52:15 PDT"]
[Termination "alexrustemov won by resignation"]

1. e4 e6 2. d4 d5 3. Nc3 dxe4 4. Nxe4 Bd7 5. Nf3 Bc6 6. Bd3 Nd7 7. Qe2 Ngf6 8. Ng3 Bxf3 9. Qxf3 c6 10. c3 Be7 11. Bf4 Qa5 12. O-O O-O 13. Rfe1 Rfe8 14. Ne4 Nxe4 15. Rxe4 Nf6 16. Re5 Qb6 17. b4 Bd6 18.
Rg5 Bxf4 19. Qxf4 Qd8 20. Qg3 g6 21. Re1 Kg7 22. h4 Qb8 23. Qf3 h6 24. Rg3 Nh5 25. Rh3 Qf4 26. Qxf4 Nxf4 27. Rf3 Nd5 28. Bc4 a5 29. b5 Nb6 30. Bf1 cxb5 31. Bxb5 Rec8 32. Rc1 Rc7 33. a4 Rac8 34. Kf1 Nd5 35. c4 Nb4 36.
Rd1 Rd8 37. h5 g5 38. Re3 Nc6 39. Red3 Ne7 40. d5 exd5 41. cxd5 Rd6 42. g4 Rc5 43. Re3 Rcxd5 44. Rxe7 Rxd1+ 45. Kg2 R1d4 46. f3 b6 47. Kg3 Rf6 48. Re3 Re6 49. Rc3 Rf4 50. Rd3 Kf6 51. Rc3 Rd4 52. Bc6 Ke7 53. Bb5 Re5 54. Rc7+ Kf6 55. Rc6+ Re6 56. Rc7 Kg7 57. Rc3 Rf6 58. Rb3 Rd5 59. Rc3 Re5 60. Rd3 Rfe6 61. Rc3 Re3 62. Rc7 Rf6 63. Bc6 Rc3 0-1

[Event "Late-Titled-Tuesday-Blitz-October-17-2023"]
[Site "Chess.com"]
[Date "2023.10.17"]
[Round "10"]
[White "NormWeinstein"]
[Black "HajiyevKanan"]
[Result "0-1"]
[WhiteElo "2408"]
[BlackElo "2545"]
[TimeControl "180+1"]
[EndTime "15:52:16 PDT"]
[Termination "HajiyevKanan won by resignation"]

1. e4 c6 2. d4 d5 3. exd5 cxd5 4. c4 Nf6 5. Nc3 e6 6. Nf3 Bb4 7. cxd5 Nxd5 8. Qc2 Nc6 9. Bd3 h6 10. O-O Be7 11.
a3 O-O 12. Qe2 Nf6 13. Be3 b6 14. Rad1 Bb7 15. Rfe1 Rc8 16. Ne5 Nd5 17. Nxd5 Qxd5 18. Bc4 Qe4 19. f3 Qh4 20. Bf2 Qg5 21. h4 Qf4 22. g3 Qf5 23. Bd3 Qh3 24. Be4 Nxe5 25.
Bxb7 Rc7 26. Be4 Nc4 27. d5 exd5 28. Bxd5 b5 29. f4 Qc8 30. Bd4 Bc5 31. Qf2 Bxd4 32. Qxd4 Rd7 33. Kh2 Rfd8 34. Qe4 Nxb2 35. Rd4 Na4 36.
Qf3 Nb6 37. Red1 Nxd5 38. Rxd5 Rxd5 39. Rxd5 Rxd5 40. Qxd5 a6 41. Qd6 h5 42. f5 Qxf5 43. Qxa6 g6 44. Qa5 Qf2+ 45. Kh3 Qf1+ 46. Kh2 Qc4 47.
Qd8+ Kg7 48. Qd6 Qa2+ 49. Kh3 Qc4 50. Kh2 Qe2+ 51. Kh3 Qf1+ 52. Kh2 Qf2+ 53. Kh3 Qg1 54. Qe5+ Kh7 55. Qd5 Qf1+ 56. Kh2 Qc4 57. Qf3 Qa2+ 58. Kh3 Qe6+ 59. Kh2 Qd7 60. Qb3 Qb7 61. Qf3 Qxf3 0-1

[Event "Late-Titled-Tuesday-Blitz-October-17-2023"]
[Site "Chess.com"]
[Date "2023.10.17"]
[Round "10"]
[White "leoduarte"]
[Black "ritanovikova"]
[Result "1-0"]
[WhiteElo "2395"]
[BlackElo "2155"]
[TimeControl "180+1"]
[EndTime "15:52:16 PDT"]
[Termination "leoduarte won on time"]

1. d4 e6 2. Nf3 Nf6 3. Bf4 d5 4. e3 Bd6 5. c3 Bxf4 6. exf4 c5 7. Bd3 b6 8. Nbd2 O-O 9. Qe2 Nc6 10. Ne5 Bb7 11.
Ndf3 cxd4 12. Nxc6 Bxc6 13. Nxd4 Bb7 14. O-O Re8 15.
Rae1 Qc7 16. Qe5 Rac8 17. f5 exf5 18. Qxc7 Rxc7 19. Nxf5 g6 20. Nd6 Rxe1 21. Rxe1 Rd7 22. Nb5 Ba6 23. f3 d4 24. cxd4 Bxb5 25. Bxb5 Rxd4 26.
Re7 Rb4 27. a4 a6 28. Bxa6 Rxa4 29. Bd3 Kf8 30. Rb7 Rb4 31. b3 Nd5 32. Bc4 Ne7 33. Rb8+ Kg7 34. Rb7 Kf6 35. Kf2 g5 36. Ke2 b5 37.
Rxb5 Rxb5 38. Bxb5 Nd5 39. Bc4 Nf4+ 40. Kf2 Ke7 41.
g3 Ng6 42. Bd3 Nf8 43. Ke3 h6 44. b4 Kd6 45. b5 Ne6 46. Be2 Kc5 47. Ke4 Nd4 48.
Bd3 f5+ 49. Ke5 Nxf3+ 50. Kxf5 Nxh2 51. Kg6 Ng4 52. Be2 Ne5+ 53. Kxh6 g4 54. Kg5 1-0